 Dungeon Crawl Stone Soup version 0.26-a0-540-g8a0c9464d7 (webtiles) character file.

Game seed: 9561145105546591722

6 vurker the Sneak (level 2, 0/24 HPs)
             Began as a Formicid Delver on Aug 24, 2020.
             Succumbed to an adder's poison
             ... on level 2 of the Dungeon.
             The game lasted 00:01:12 (358 turns).

vurker the Sneak (Formicid Delver)                   Turns: 358, Time: 00:01:13

Health: 0/24       AC:  3    Str: 16    XL:     2   Next: 0%
Magic:  2/2        EV: 12    Int:  9    God:
Gold:   16         SH:  0    Dex: 12    Spells: 1/1 levels left

rFire    . . .     SeeInvis +   a - +0 hand axe
rCold    . . .     Faith    .   (no shield)
rNeg     . . .     Spirit   .   b - +0 leather armour
rPois    .         Reflect  .   (helmet unavailable)
rElec    .         Harm     .   (no cloak)
rCorr    .                      (no gloves)
MR       .....                  (no boots)
Stlth    +++.......             (no amulet)
HPRegen  0.08/turn              (no ring)
MPRegen  0.08/turn              (no ring)

@: lethally poisoned (0 -> -7)
A: permanent stasis, dig shafts and tunnels, four strong arms, antennae 3
a: Dig, Shaft Self


You were on level 2 of the Dungeon.
You visited 1 branch of the dungeon, and saw 4 of its levels.

You collected 16 gold pieces.

Inventory:

Hand Weapons
 a - a +0 hand axe (weapon)
Armour
 b - a +0 leather armour (worn)
Jewellery
 f - an uncursed ring of ice
   (You found it on level 5 of the Dungeon)
Wands
 v - a wand of digging (3)
Scrolls
 c - a scroll of fog
 d - a scroll of magic mapping
 e - a scroll of fear
 g - a scroll of teleportation {unknown}
 h - a scroll of remove curse {unknown}
 i - a scroll of random uselessness {unknown}
Potions
 j - a potion of ambrosia {unknown}
 k - a potion of heal wounds {unknown}


   Skills:
 + Level 3.4 Fighting
 * Level 2.4 Axes
 - Level 1.7 Dodging
 - Level 6.0 Stealth


You had one spell level left.
You didn't know any spells.
Your spell library was empty.

Dungeon Overview and Level Annotations

Branches:
Dungeon (5/15)
 Temple: D:4-7

Altars:

Shops:
D:4 *


Innate Abilities, Weirdness & Mutations

You cannot be hasted, slowed, berserked, paralysed or teleported.
You can dig through walls and to a lower floor.
Your four strong arms can wield two-handed weapons with a shield.
You have a pair of large antennae on your head. (SInv)


Message History

You barely miss the hobgoblin. The hobgoblin completely misses you.
You hit the hobgoblin. The hobgoblin hits you.
You hit the hobgoblin but do no damage.
The hobgoblin hits you but does no damage.
You hit the hobgoblin but do no damage. The hobgoblin hits you.
You hit the hobgoblin.
You kill the hobgoblin!
You have reached level 2!
You see here a hobgoblin corpse.
Found 7 gold pieces.
Found a stone staircase leading up.
You now have 16 gold pieces (gained 7).
There is a stone staircase leading up here.
You climb upwards.
Found a lumpy ruby potion.
There is a stone staircase leading down here.
k - a lumpy ruby potion You sense a monster nearby.
An adder comes into view.
Found a hand axe.
A dart slug comes into view.
The helpless adder fails to defend itself.
You hit the adder. The adder closely misses you. The adder bites you.
You barely miss the adder. The adder bites you. x2
You are poisoned.
The adder poisons you!
You barely miss the adder.
You feel sick. The adder bites you.
* * * LOW HITPOINT WARNING * * *
You are more poisoned.
The adder poisons you!
You miss the adder.
* * * LOW HITPOINT WARNING * * *
You feel sick. The adder bites you.
* * * LOW HITPOINT WARNING * * *
The dart slug launches a dart at you. The slug dart misses you.
The adder closely misses you.
You miss the adder.
* * * LOW HITPOINT WARNING * * *
You feel sick. The adder barely misses you.
You closely miss the adder.
* * * LOW HITPOINT WARNING * * *
You feel sick. The adder bites you.
* * * LOW HITPOINT WARNING * * *
The adder closely misses you. The dart slug launches a dart at you.
The slug dart misses you.
You closely miss the adder. The adder bites you.
* * * LOW HITPOINT WARNING * * *
You hit the adder.
You die...

......# ###... w..
###.... ....
#...).#.....
#.#.#.#...
#....... #.#.#.#
### ##### #...@S#
...###..>###.#.###
#..#.....##.#.#
#.........#.#.#
#.........#.#..
#.........#.###
#..#.....##.#
....##.......# ###
#########


You could see an adder and a dart slug.

Vanquished Creatures
  An orc (D:4)
  A goblin (D:3)
  2 hobgoblins (D:3)
4 creatures vanquished.

Notes
Turn   | Place    | Note
-------+----------+-------------------------------------------
     0 | D:5      | vurker the Formicid Delver began the quest for the Orb.
     0 | D:5      | Reached XP level 1. HP: 18/18 MP: 1/1
    14 | D:5      | Noticed an orc wizard
    48 | D:5      | Noticed a quasit
    49 | D:5      | Noticed a phantom
    71 | D:4      | Noticed an ogre
   143 | D:4      | Found Dobleff's General Store.
   232 | D:3      | Reached XP level 2. HP: 18/24 MP: 2/2
   357 | D:2      | HP: 1/24 [adder (2)]
   358 | D:2      | Succumbed to an adder's poison

Illustrated notes

Levels and vault maps discovered:
D:2:      layout_loops_ring, tso_metal_star, chequers_ecumenical_altar_simple
D:3:      layout_loops_ring
D:4:      layout_loops_ring, minmay_temple_entry_antechambers, serial_shops,
          kennysheep_little_box, shop_statue, nicolae_shop_stone, shop,
          minmay_mini_ossuary
D:5:      layout_cave_pools, minmay_misc_feat_plants

Action                   || total
-------------------------++-------
Melee: Hand axe          ||    26
 Stab: Sleeping          ||     1
Armor: Leather armour    ||     2
Dodge: Dodged            ||    17

Table legend: (Time is in decaauts)
 A = Elapsed time spent in this place.
 B = Non-inter-level travel time spent in this place.
 C = Inter-level travel time spent in this place.
 D = Time resting spent in this place.
 E = Time spent auto-exploring this place.
 F = Levels seen in this place.
 G = Mean time per level.
                   A        B        C        D        E       F      G
               +--------+--------+--------+--------+--------+-----+--------+
         Total |    361 |    357 |      4 |      0 |    234 |   4 |   90.2 |
       Dungeon |    361 |    357 |      4 |      0 |    234 |   4 |   90.2 |
               +--------+--------+--------+--------+--------+-----+--------+

Top non-repeatable levels by time:
     D:3: 181 daAuts
     D:4: 100 daAuts
     D:5: 50 daAuts
     D:2: 29 daAuts
